 Dungeon Crawl Stone Soup version 0.24.0-1-gfbc8707122 (webtiles) character file.

Game seed: 4695637982097651338, levelgen mode: deterministic

145 GordonOverkill the Skirmisher (level 5, -3/47 HPs)
             Began as a Minotaur Berserker on Oct 25, 2019.
             Was a Believer of Trog.
             Slain by an orc priest
             ... wielding a +4 flail
              (11 damage)
             ... on level 3 of the Dungeon.
             The game lasted 00:02:56 (2248 turns).

GordonOverkill the Skirmisher (Minotaur Berserker)  Turns: 2248, Time: 00:02:56

Health: -3/47      AC:  5    Str: 22    XL:     5   Next: 6%
Magic:  4/4        EV: 12    Int:  4    God:    Trog [**....]
Gold:   145        SH:  0    Dex: 10    Spells: 4/4 levels left

rFire    + . .     SeeInvis .   g - +2 whip (freeze)
rCold    + . .     Gourm    .   (no shield)
rNeg     . . .     Faith    .   f - +0 ring mail
rPois    .         Spirit   .   (helmet restricted)
rElec    .         Reflect  .   l - scarf {rC+ rF+}
rCorr    .         Harm     .   (no gloves)
MR       ++...                  (no boots)
Stlth    ..........             (no amulet)
HPRegen  1.15/turn              (no ring)
MPRegen  0.09/turn              (no ring)

@: berserk cooldown, regenerating, slowed, very slow
A: retaliatory headbutt, horns 2
a: Berserk, Trog's Hand, Renounce Religion


You were on level 3 of the Dungeon.
You worshipped Trog.
Trog was pleased with you.
You were near starving.

You visited 1 branch of the dungeon, and saw 3 of its levels.

You collected 145 gold pieces.

Inventory:

Hand Weapons
 a - a +0 hand axe
 g - a +2 whip of freezing (weapon)
Armour
 f - a +0 ring mail (worn)
 l - a scarf of resistance (worn)
Scrolls
 d - a scroll of fog {unknown}
 h - 2 scrolls of teleportation {unknown}
 i - a scroll of immolation {unknown}
 j - a scroll of amnesia {unknown}
 n - a scroll of remove curse {unknown}
 o - a scroll of blinking {unknown}
 p - a scroll of identify {unknown}
Potions
 b - 2 potions of resistance {unknown}
 c - a potion of cancellation {unknown}
 k - a potion of lignification {unknown}
 m - 2 potions of curing {unknown}
Comestibles
 e - 2 rations


   Skills:
 + Level 4.6 Fighting
 + Level 4.6 Axes
 + Level 3.9 Armour
 + Level 3.4 Dodging


You had 4 spell levels left.
You didn't know any spells.
Your spell library was empty.

Dungeon Overview and Level Annotations

Branches:
Dungeon (3/15)

Altars:
The Shining One


Innate Abilities, Weirdness & Mutations

You reflexively headbutt those who attack you in melee.
You have a pair of horns on your head.


Message History

You kill the goblin!
Trog accepts your kill.
You closely miss the orc priest.
The orc priest is moderately wounded.
The orc priest hits you with a +4 flail.
You hit the orc priest. You freeze the orc priest.
The orc priest is moderately wounded.
The orc priest casts a cantrip, but nothing happens.
The orc wizard gestures wildly while chanting.
The orc wizard blinks!
Your skin crawls.
You feel resistant to hostile enchantments.
You feel somewhat more hungry.
Trog will no longer gift you ammunition.
The orc priest hits you with a +4 flail!
* * * LOW HITPOINT WARNING * * *
The orc wizard gestures wildly while chanting.
The orc wizard blinks!
The orc priest hits you with a +4 flail!
You die...

##% #.. #..####..
......... #
........# .#
........# .#
........##.#####
#.....(........
#####†lo..§....
####@#......
####(.o)....§..
####....##.###....
## ####....#####.#
### >..#......##
#.# ..........#
#.. ...#......#
##. #..<...# .#
#......# ..


You could see an orc priest, an orc wizard and a frilled lizard.

Vanquished Creatures
  An orc wizard (D:3)
  An adder (D:2)
  6 oozes (D:1)
  3 worms
  A dart slug (D:2)
  2 leopard geckos (D:1)
  2 orcs (D:3)
  A ball python (D:1)
  7 bats
  8 giant cockroaches
  7 goblins
  6 hobgoblins
  5 jackals (D:1)
  A quokka (D:3)
  3 frilled lizards
  5 kobolds
  11 rats
70 creatures vanquished.

Notes
Turn   | Place    | Note
-------+----------+-------------------------------------------
     0 | D:1      | GordonOverkill the Minotaur Berserker began the quest for
                  | the Orb.
     0 | D:1      | Reached XP level 1. HP: 19/19 MP: 0/0
     1 | D:1      | Found a runed translucent door.
   272 | D:1      | Reached XP level 2. HP: 25/27 MP: 1/1
   523 | D:1      | Reached XP level 3. HP: 33/33 MP: 2/2
   763 | D:1      | Reached ** piety under Trog
  1353 | D:1      | Reached XP level 4. HP: 39/41 MP: 3/3
  1952 | D:2      | Reached *** piety under Trog
  2006 | D:2      | Found a glowing golden altar of the Shining One.
  2242 | D:3      | Reached XP level 5. HP: 33/47 MP: 4/4
  2248 | D:3      | Slain by an orc priest

Levels and vault maps discovered:
D:1:      dpeg_arrival_caged_fury, layout_loops_corners, st_stairs_7,
          minmay_octomino_j4
D:2:      layout_loops_ring, lemuel_crystal_altar
D:3:      minmay_spotlight, layout_rooms, nicolae_overflow_hidden_temple,
          marbit_many_paths, dancing_weapons_uskayaw

Skill      XL: |  1  2  3 |
---------------+----------+-----
Fighting       | 4 |  4.6
Axes           | 4 |  4.6
Armour         | 3 |  3.9
Dodging        | 3 |  3.4

Action                   |  1- 3 |  4- 6 || total
-------------------------+-------+-------++-------
Melee: Hand axe          |    50 |       ||    50
       Headbutt          |    17 |     9 ||    26
       Whip              |    39 |    44 ||    83
Invok: Berserk           |     2 |     1 ||     3
       Trog's Hand       |       |     1 ||     1
  Eat: Chunk             |     2 |     3 ||     5
Armor: Ring mail         |    30 |    11 ||    41
       Animal skin       |     1 |       ||     1
Dodge: Dodged            |    45 |    34 ||    79
